 Dungeon Crawl Stone Soup version 0.29-a0-234-g0dae59b3db (webtiles) character file.

Game seed: 18305370062405614592

4480 HotDog the Cleaver (level 10, -19/133 (136) HPs)
             Began as a Deep Dwarf Fighter on Mar 2, 2022.
             Was an Initiate of Elyvilon.
             Demolished by a two-headed ogre
             ... wielding a +0 giant spiked club
              (23 damage)
             ... on level 8 of the Dungeon.
             The game lasted 00:11:55 (6370 turns).

HotDog the Cleaver (Deep Dwarf Fighter)             Turns: 6370, Time: 00:11:56

HP:   -19/133 (136) AC: 14    Str: 24    XL:     10   Next: 16%
MP:   1/1           EV: 10    Int:  9    God:    Elyvilon [......]
Gold: 341           SH:  5    Dex: 12    Spells: 9/9 levels left

rFire   . . .      SeeInvis .   a - +0 war axe
rCold   . . .      Faith    .   c - +0 buckler
rNeg    . . .      Spirit   .   h - +1 chain mail
rPois   .          Reflect  .   (no helmet)
rElec   .          Harm     .   (no cloak)
rCorr   .          Rampage  .   e - +0 pair of gloves
Will    +....                   s - +0 pair of boots
Stlth   ..........              (no amulet)
HPRegen 0.00/turn               (no ring)
MPRegen 0.07/turn               (no ring)

@: berserking, lightly drained, very quick
A: damage resistance, heal wounds, sense surroundings 2, no regeneration
a: Heal Wounds, Renounce Religion


You were on level 8 of the Dungeon.
You worshipped Elyvilon.
Elyvilon was noncommittal.
You visited 2 branches of the dungeon, and saw 9 of its levels.
You also visited: Ossuary.

You collected 341 gold pieces.

Inventory:

Hand Weapons
 a - a +0 war axe (weapon)
Missiles
 t - 2 throwing nets
Armour
 c - a +0 buckler (worn)
 e - a +0 pair of gloves (worn)
 h - a +1 chain mail (worn)
 s - a +0 pair of boots (worn)
Jewellery
 v - a ring of wizardry
Wands
 m - a wand of digging (4)
 r - a wand of iceblast (7)
 u - a wand of paralysis (13)
 y - a wand of polymorph (3)
Scrolls
 g - 10 scrolls of teleportation
 i - a scroll of fog
 k - 3 scrolls of blinking
 x - a scroll of magic mapping {unknown}
Potions
 b - a potion of degeneration
 d - a potion of might
 f - 2 potions of lignification
 j - 2 potions of flight
 l - 2 potions of heal wounds
 n - a potion of ambrosia
 o - 2 potions of mutation
 p - 2 potions of brilliance
 q - 3 potions of attraction
 w - 3 potions of magic
 A - a potion of cancellation


   Skills:
 * Level 5.9 Fighting
 * Level 10.7 Axes
 * Level 8.3 Armour
 * Level 5.1 Dodging
 * Level 6.2 Shields


You had 9 spell levels left.
You didn't know any spells.
Your spell library contained the following spells:

 Spells                   Type           Power      Damage    Failure   Level
 Freeze                   Ice            0%         1d3       96%         1
 Sublimation of Blood     Necr           0%         N/A       99%         2
 Wereblood                Tmut           0%         N/A       99%         2
 Frozen Ramparts          Ice            0%         1d2       100%        3
 Gell's Gravitas          Tloc           0%         N/A       100%        3
 Ignite Poison            Fire/Tmut/Pois 0%         N/A       100%        3
 Mephitic Cloud           Conj/Pois/Air  0%         N/A       100%        3
 Portal Projectile        Hex/Tloc       0%         N/A       100%        3
 Summon Guardian Golem    Hex/Summ       0%         N/A       100%        3
 Teleport Other           Tloc           0%         N/A       100%        3
 Hailstorm                Conj/Ice       0%         3d3       100%        4
 Blade Hands              Tmut           0%         N/A       100%        5
 Excruciating Wounds      Necr           0%         N/A       100%        5
 Freezing Cloud           Conj/Ice/Air   0%         6-21      100%        5
 Dispersal                Tloc           0%         N/A       100%        6
 Orb of Destruction       Conj           0%         9d5       100%        7
 Spellforged Servitor     Conj/Summ      0%         N/A       100%        7
 Summon Hydra             Summ           0%         N/A       100%        7


Dungeon Overview and Level Annotations

Branches:
Dungeon (8/15)             Temple (1/1) D:4         Ossuary (visited)
   Lair: D:8-11

Altars:
Ashenzari
Cheibriados
Dithmenos
Elyvilon
Fedhas
Gozag
Hepliaklqana
Makhleb
Nemelex Xobeh
Okawaru
Qazlal
Ru
Sif Muna
Trog
Uskayaw
Vehumet
Wu Jian
Xom
Yredelemnul
Zin
The Shining One

Shops:
D:6 ?(


Innate Abilities, Weirdness & Mutations

You are resistant to damage.
You can heal yourself by infusing magical energy.
You passively map the area around you.
You do not regenerate.


Message History

You are too injured to fight recklessly!
You are too injured to fight recklessly!
Okay, then.
A red film seems to cover your vision as you go berserk!
You feel yourself moving faster!
You feel mighty! The wight barely misses you.
The two-headed ogre hits you with a +0 giant spiked club!
* * * LOW HITPOINT WARNING * * *
The two-headed ogre closely misses you.
You completely miss the two-headed ogre.
You hit the wight but do no damage. The wight hits you but does no damage.
You slash the two-headed ogre!
The two-headed ogre is lightly wounded.
You hit the wight.
The two-headed ogre hits you with a +0 giant spiked club!
* * * LOW HITPOINT WARNING * * *
The two-headed ogre barely misses you.
You hit the two-headed ogre.
The two-headed ogre is lightly wounded.
You hit the wight.
The wight hits you with a +1 dire flail of protection!
* * * LOW HITPOINT WARNING * * *
You hit the two-headed ogre.
The two-headed ogre is moderately wounded.
You hit the wight.
The wight hits you with a +1 dire flail of protection!
* * * LOW HITPOINT WARNING * * *
You block the two-headed ogre's attack.
The two-headed ogre hits you with a +0 giant club!
* * * LOW HITPOINT WARNING * * *
You slash the two-headed ogre!
The two-headed ogre is moderately wounded.
You hit the wight.
The wight hits you with a +1 dire flail of protection.
* * * LOW HITPOINT WARNING * * *
You feel drained.
You slash the two-headed ogre!
The two-headed ogre is severely wounded.
You barely miss the wight.
The two-headed ogre hits you with a +0 giant spiked club!!
You die...

#########...#
##### #..[.....#*
* , #........#* *
* #...)....# , **
,* #........# *, ,
, ,
#######....†...###
*,,* ,*
......<.....>..).#
*, ,, ,
################.#
* * #@#* ,, ,, , ,
** * #..Oz....# *
* ,,
,...............,,
, , ,,
**#.[.....#####..
,, ** ...###... ,
, ,* ,, .. ..#., ,
, **# .# # * #. ,
* , * ,


You could see a two-headed ogre and a wight.

Vanquished Creatures
  10 yaks (D:8)
  A steam dragon (D:7)
  Duvessa (D:7)
  2 water moccasins
  3 sky beasts
  3 black bears
  2 phantoms (D:6)
  2 bullfrogs (D:7)
  A kobold brigand (D:6)
  A scorpion (D:5)
  3 necrophages
  3 water moccasin zombies (Ossuary)
  2 wights (D:8)
  Dowan (D:7)
  3 killer bees (D:7)
  A howler monkey (D:8)
  4 jellies
  A gnoll shaman (D:8)
  3 orc priests
  4 hounds
  5 iguanas
  Terence (D:3)
  5 orc wizards
  2 mummies (Ossuary)
  9 adders
  3 gnolls (D:2)
  A white imp (D:8)
  2 ufetubi
  6 adder zombies (Ossuary)
  2 worms (D:2)
  3 dart slugs
  32 orcs
  5 endoplasms
  3 giant cockroaches
  2 gnoll zombies (Ossuary)
  8 goblins
  7 hobgoblins
  3 jackals (D:5)
  8 kobolds
  3 quokkas
  5 ball pythons
  10 bats
  4 frilled lizards
  8 hobgoblin zombies (Ossuary)
  7 kobold zombies (Ossuary)
  5 orc zombies (Ossuary)
  4 rats
204 creatures vanquished.

Vanquished Creatures (others)
  An orc wizard (D:6)
1 creature vanquished.

Grand Total: 205 creatures vanquished

Notes
Turn   | Place    | Note
-------+----------+-------------------------------------------
     0 | D:1      | HotDog the Deep Dwarf Fighter began the quest for the Orb.
     0 | D:1      | Reached XP level 1. HP: 20/20 MP: 1/1
    56 | D:1      | Found a faded altar of an unknown god.
   152 | D:1      | Reached XP level 2. HP: 21/27 MP: 2/2
   765 | D:2      | Reached skill level 3 in Axes
   765 | D:2      | Reached XP level 3. HP: 24/34 MP: 3/3
   809 | D:2      | Reached XP level 4. HP: 13/42 MP: 4/4
  1038 | D:2      | Reached skill level 1 in Dodging
  1245 | D:3      | Reached skill level 4 in Axes
  1312 | D:3      | Noticed a necrophage
  1322 | D:3      | Killed a necrophage
  1323 | D:3      | Reached XP level 5. HP: 29/49 MP: 4/4
  1371 | D:3      | Noticed Terence
  1391 | D:3      | Killed Terence
  1392 | D:3      | Reached skill level 5 in Axes
  1392 | D:3      | Reached XP level 6. HP: 22/56 MP: 5/5
  1523 | D:3      | Found a shimmering altar of Xom.
  2066 | D:4      | Found a sand-covered staircase.
  2085 | Ossuary  | Entered an ossuary
  2236 | Ossuary  | Reached skill level 6 in Axes
  2236 | Ossuary  | Reached XP level 7. HP: 36/63 MP: 4/4
  2737 | D:4      | Found a staircase to the Ecumenical Temple.
  2831 | D:5      | Entered Level 5 of the Dungeon
  2995 | D:5      | Reached skill level 7 in Axes
  2995 | D:5      | Reached skill level 5 in Armour
  3297 | D:5      | Reached XP level 8. HP: 60/72 MP: 4/4
  3573 | D:6      | Reached skill level 5 in Shields
  3657 | D:6      | Reached skill level 8 in Axes
  3686 | D:6      | Found Lukam Zol's Magic Scroll Emporium.
  4142 | D:6      | Found Udihixi's Antique Weapon Boutique.
  4243 | D:7      | Gained mutation: You passively map the area around you.
                  | [Deep Dwarf growth]
  4243 | D:7      | Reached XP level 9. HP: 68/80 MP: 5/5
  4244 | D:7      | Noticed Duvessa
  4246 | D:7      | Noticed Dowan
  4256 | D:7      | Killed Duvessa
  4272 | D:7      | Killed Dowan
  4273 | D:7      | Reached skill level 9 in Axes
  4407 | D:7      | Reached skill level 5 in Fighting
  4740 | Temple   | Entered the Ecumenical Temple
  5429 | D:8      | Reached skill level 10 in Axes
  5430 | D:8      | HP: 3/81 [yak (7)]
  5637 | Temple   | Became a worshipper of Elyvilon the Healer
  5827 | D:8      | Reached skill level 5 in Dodging
  5827 | D:8      | Reached XP level 10. HP: 42/91 MP: 2/2
  6067 | D:7      | Noticed a deep elf pyromancer
  6360 | D:8      | Noticed a two-headed ogre
  6368 | D:8      | HP: 5/136 [two-headed ogre/+0 giant spiked club (8)]
  6370 | D:8      | Demolished by a two-headed ogre

Illustrated notes

Levels and vault maps discovered:
D:1:      dpeg_arrival_orchard, layout_basic,
          hellmonk_ecumenical_altar_arch_garden
D:2:      layout_rooms, kennysheep_generic_room_9
D:3:      layout_rooms, mainiacjoe_overflow_chevrons, uniq_terence
D:4:      layout_loops_ring, lemuel_temple_firewalk_b,
          nicolae_ossuary_entry_false_entrances
D:5:      layout_basic
D:6:      layout_loops_ring, serial_shops, shop_statue, nicolae_square_shop,
          kennysheep_path_1, kennysheep_generic_room_5
D:7:      layout_cave_pools, lightli_corner_chamber, uniq_duvessa
D:8:      layout_rooms, dreamdust_gnoll_shepherd
Temple:   mainiacjoe_temple_big_plus

Skill      XL: |  1  2  3  4  5  6  7  8  9 |
---------------+----------------------------+-----
Fighting       | 3 4 5 |  5.9
Axes           | 3 4 5 6 7 8 10 | 10.7
Dodging        | 1 2 3 5 |  5.1
Armour         | 4 5 6 8 |  8.3
Shields        | 4 5 6 |  6.2

Action                   |  1- 3 |  4- 6 |  7- 9 | 10-12 || total
-------------------------+-------+-------+-------+-------++-------
Melee: War axe           |    68 |   248 |   363 |    45 ||   724
       Unarmed           |       |       |     2 |       ||     2
 Abil: Heal Wounds       |     1 |     3 |    13 |     2 ||    19
  Use: Scroll            |     1 |     5 |     9 |       ||    15
       Potion            |     1 |     1 |     1 |     1 ||     4
Armor: Scale mail        |     4 |       |       |       ||     4
       Chain mail        |    19 |   108 |   250 |    20 ||   397
       Skin              |       |       |     1 |       ||     1
Dodge: Dodged            |    29 |    92 |   167 |    23 ||   311
Block: Buckler           |    17 |    53 |   123 |    12 ||   205

Table legend: (Time is in decaauts)
 A = Elapsed time spent in this place.
 B = Non-inter-level travel time spent in this place.
 C = Inter-level travel time spent in this place.
 D = Time resting spent in this place.
 E = Time spent auto-exploring this place.
 F = Levels seen in this place.
 G = Mean time per level.
                   A        B        C        D        E       F      G
               +--------+--------+--------+--------+--------+-----+--------+
         Total |   6532 |   5553 |    979 |    174 |   3666 |  10 |  653.2 |
       Dungeon |   5781 |   4889 |    892 |    174 |   3218 |   8 |  722.6 |
        Temple |    481 |    394 |     87 |      0 |    382 |   1 |  481.0 |
       Ossuary |    269 |    269 |      0 |      0 |     66 |   1 |  269.0 |
               +--------+--------+--------+--------+--------+-----+--------+

Top non-repeatable levels by time:
     D:4: 1141 daAuts
     D:6: 854 daAuts
     D:5: 843 daAuts
     D:7: 835 daAuts
     D:1: 759 daAuts
     D:3: 615 daAuts
     D:2: 502 daAuts
  Temple: 481 daAuts
 Ossuary: 269 daAuts
     D:8: 229 daAuts
